 Dungeon Crawl Stone Soup version 0.30.0-19-g36f170ea60 (webtiles) character file.

Game seed: 1806383125580492085

30149 DildoBatman the Geomancer (level 13, 0/91 (93) HPs)
             Began as a Formicid Conjurer on June 1, 2023.
             Was an Initiate of Gozag.
             Slain by a cane toad (9 damage)
             ... on level 1 of the Lair of Beasts.
             The game lasted 00:49:28 (13321 turns).

DildoBatman the Geomancer (Formicid Conjurer)      Turns: 13321, Time: 00:49:29

HP:   0/91 (93)     AC: 17    Str: 12    XL:     13   Next: 86%
MP:   0/28          EV: 12    Int: 26    God:    Gozag
Gold: 974           SH:  7    Dex: 15    Spells: 19/34 levels left

rFire   . . .        a - +4 scimitar (flame)
rCold   . . .        y - +2 buckler
rNeg    + + .        o - +4 troll leather armour
rPois   .            (helmet unavailable)
rElec   .            J - +0 cloak
rCorr   .            (no gloves)
SInv    +            x - +2 pair of boots "Xoimulit" {rC- rN++ Int+3 Dex+3}
Will    +....        (no amulet)
Stlth   ++           B - +4 ring of protection
HPRegen 1.15/turn    i - ring of protection from cold
MPRegen 0.21/turn

%: no passive effects
@: lethally poisoned (0 -> -1), gold aura, studying Staves, lightly drained
A: permanent stasis, dig shafts and tunnels, antennae 3, four strong arms
a: Dig, Shaft Self, Renounce Religion, Potion Petition, Call Merchant, Bribe
Branch


You were on level 1 of the Lair of Beasts.
You worshipped Gozag.
Gozag was pleased with you.
You visited 4 branches of the dungeon, and saw 16 of its levels.

You collected 1705 gold pieces.
You spent 194 gold pieces at shops.
You paid 537 gold pieces to Gozag.

Inventory:

Hand Weapons
 a - a +4 scimitar of flaming (weapon)
 b - a +0 longbow
Missiles
 w - 32 poisoned darts
 C - 4 curare-tipped darts
 M - 2 throwing nets
 P - 3 datura-tipped darts
 S - 4 atropa-tipped darts
 T - 5 javelins
Armour
 l - a +0 pair of boots
 o - a +4 troll leather armour (worn)
 s - a +0 kite shield
 x - the +2 pair of boots "Xoimulit" (worn) {rC- rN++ Int+3 Dex+3}
   (You found it on level 4 of the Dungeon)

   Int:       It affects your intelligence (+3).
   Dex:       It affects your dexterity (+3).
   rC:        It makes you vulnerable to cold.
   rN:        It greatly protects you from negative energy.
 y - a +2 buckler (worn)
 J - a +0 cloak (worn)
 O - +0 acid dragon scales
Magical Staves
 u - a staff of cold
 N - a staff of earth
Jewellery
 e - a ring of protection from fire
 i - a ring of protection from cold (right hand)
 B - a +4 ring of protection (left hand)
 D - a ring of flight
 R - a ring of protection from fire
Wands
 f - a wand of light (6)
 r - a wand of flame (22)
 I - a wand of paralysis (11)
Scrolls
 d - 2 scrolls of amnesia {unknown}
 g - 7 scrolls of fog
 j - 2 scrolls of fear {unknown}
 m - a scroll of silence {unknown}
 n - 5 scrolls of enchant weapon
 p - 3 scrolls of vulnerability {unknown}
 t - 2 scrolls of blinking {unknown}
 z - a scroll of identify
 H - a scroll of poison {unknown}
Potions
 c - 3 potions of magic
 h - 3 potions of flight {unknown}
 k - 9 potions of curing
 q - a potion of invisibility {unknown}
 v - 2 potions of brilliance
 A - 2 potions of cancellation {unknown}
 E - a potion of ambrosia {unknown}
 F - a potion of lignification {unknown}
 G - 3 potions of heal wounds {unknown}
 K - a potion of berserk rage {unknown}
 L - a potion of resistance {unknown}
 Q - 3 potions of degeneration {unknown}


   Skills:
 * Level 5.9 Fighting
 * Level 6.0 Armour
 * Level 4.0 Dodging
 - Level 3.0 Stealth
 * Level 4.9 Shields
 * Level 11.2 Spellcasting
 - Level 6.0 Conjurations
 * Level 12.7 Necromancy
 * Level 12.9 Earth Magic


You had 19 spell levels left.
You knew the following spells:

 Your Spells              Type           Power      Damage    Failure   Level
a - Borgnjor's Vile Clut  Necr/Erth      34%        N/A       1%          5
c - Searing Ray           Conj           90%        2d7       1%          2
d - Vampiric Draining     Necr           69%        2d10      1%          3
f - Magic Dart            Conj           100%       1d8       1%          1
h - Dispel Undead         Necr           69%        3d23      1%          4

Your spell library contained the following spells:

 Spells                   Type           Power      Damage    Failure   Level
 Kiss of Death            Conj/Necr      100%       2d13      1%          1
 Necrotise                Necr           100%       1d9       1%          1
 Cigotuvi's Dreadful Rot  Necr/Pois/Air  72%        N/A       1%          2
 Anguish                  Hex/Necr       23%        N/A       4%          4
 Dazzling Flash           Conj/Hex       60%        N/A       6%          3
 Hailstorm                Conj/Ice       30%        3d8       6%          3
 Ensorcelled Hibernation  Hex/Ice        28%        N/A       11%         2
 Lesser Beckoning         Tloc           28%        N/A       11%         2
 Confusing Touch          Hex            14%        N/A       21%         3
 Frozen Ramparts          Ice            28%        1d5       21%         3
 Gell's Gravitas          Tloc           14%        N/A       21%         3
 Spider Form              Tmut/Pois      14%        N/A       21%         3
 Teleport Other           Tloc           14%        N/A       21%         3
 Fulminant Prism          Conj/Hex       15%        3d10      21%         4
 Iskenderun's Mystic Bla  Conj/Tloc      30%        2d8       21%         4
 Cause Fear               Hex            7%         N/A       56%         4
 Ice Form                 Ice/Tmut       14%        N/A       56%         4
 Summon Ice Beast         Ice/Summ       14%        N/A       56%         4
 Borgnjor's Revivificati  Necr           34%        N/A       94%         8
 Infestation              Necr           34%        N/A       94%         8
 Haunt                    Necr/Summ      23%        N/A       99%         7
 Dragon Form              Tmut           7%         N/A       100%        7
 Necromutation            Tmut/Necr      23%        N/A       100%        8
 Death's Door             Necr           34%        N/A       100%        9
 Dragon's Call            Summ           7%         N/A       100%        9
 Animate Dead             Necr           Unusable   N/A       N/A         4
 Simulacrum               Ice/Necr       Unusable   N/A       N/A         6

Dungeon Overview and Level Annotations

Branches:
Dungeon (12/15)            Temple (1/1) D:4            Lair (1/5) D:11
    Orc (2/2) D:11            Elf (0/3) Orc:2

Altars:
Ashenzari
Cheibriados
Dithmenos
Elyvilon
Fedhas
Gozag
Hepliaklqana
Kikubaaqudgha
Makhleb
Nemelex Xobeh
Okawaru
Qazlal
Ru
Sif Muna
Trog
Uskayaw
Vehumet
Wu Jian
Xom
Yredelemnul
Zin
The Shining One

Shops:
D:3 (   D:7 ?*   D:9 [   Orc:2 *:([

Annotations:
D:5 exclusion: dancing weapon


Innate Abilities, Weirdness & Mutations

You cannot be hasted, slowed, berserked, paralysed or teleported.
You can dig through walls and to a lower floor.
You have a pair of large antennae on your head. (SInv)
Your four strong arms can wield two-handed weapons with a shield.


Message History

You feel very sick. You block the cane toad's attack.
You slash the cane toad! You burn the cane toad.
The cane toad is moderately wounded.
You feel very sick. The cane toad stings you. You block the cane toad's attack.
You hit the cane toad but do no damage.
The cane toad is moderately wounded.
You feel sick. The cane toad stings you.
You are more poisoned.
The cane toad poisons you! The cane toad barely misses you.
Casting: Vampiric Draining (safe; 1% risk of failure)
Confirm with . or Enter, or press ? or * to list all spells.
Aiming: Borgnjor's Vile Clutch (dangerous; 1% risk of failure)
Press: ? - help, Shift-Dir - straight line, f - cane toad
Aim: a cane toad (moderately wounded, 100% to hit)
Zombie hands grab the cane toad. x2
The zombie hands constrict the cane toad.
The zombie hands constrict the cane toad!
You feel very sick. The cane toad closely misses you.
You slash the cane toad! You burn the cane toad.
The cane toad is severely wounded.
The zombie hands constrict the cane toad.
The zombie hands constrict the cane toad!
You kill the cane toad!
You feel very sick.
The cane toad struggles to escape constriction. x2
Your Armour skill increases to level 6!
Your Dodging skill increases to level 4!
The zombie hands constrict the cane toad!
You feel sick. The cane toad stings you!
You die...
Your body crumbles into a pile of gold.

####P........##.##########.#^#...
..............#.##...............
#.<......(..##.######..##>.#.
##>.......#....# #####....
##.....###....# #####.... #....##
#....######.##.#..# ##.###
##..###............ ### #.##
#F######.#..# #######@# #.#
#.#..# .......F# #.# #.#...
.###.###.####.# #.## .
.......$.$....# #..#
#####.$#####.## #.## ##. ### #.#
## #.# ##.#### #..##..


You could see a cane toad (clutched).

Vanquished Creatures
  2 orc warlords (Orc:2)
  Azrael (Orc:2)
  2 centaur warriors (D:8)
  4 two-headed ogres
  An orc high priest (Orc:2)
  Urug (Orc:1)
  Sonja (Orc:1)
  2 orc knights (Orc:2)
  5 orc sorcerers
  An ugly thing (D:7)
  2 cyclopes (D:12)
  A black mamba (Lair:1)
  3 cane toads (Lair:1)
  A gargoyle (D:11)
  A kobold demonologist (D:8)
  An unseen horror (D:11)
  Psyche (D:9)
  3 komodo dragons (Lair:1)
  4 trolls
  A hornet (D:8)
  2 shadows (D:11)
  A wyvern (Lair:1)
  15 yaks
  2 steam dragons
  3 fire elementals (Orc:2)
  3 vampire mosquitoes (D:11)
  4 wargs
  4 hell hounds
  An acid dragon (D:8)
  4 water moccasins
  2 sky beasts
  36 orc warriors
  A black bear (D:4)
  6 ogres
  5 centaurs
  5 wolves (Lair:1)
  3 phantoms
  3 kobold brigands
  5 bullfrogs
  2 scorpions
  A gnoll sergeant (D:10)
  A water moccasin zombie (D:5)
  5 wights (D:9)
  A water moccasin skeleton (D:5)
  20 killer bees
  6 howler monkeys
  A jelly (D:8)
  2 centaur zombies (D:5)
  A bullfrog zombie (D:5)
  9 hounds
  15 orc priests
  6 iguanas
  A sleepcap (D:6)
  3 bullfrog skeletons (D:5)
  2 scorpion zombies (D:5)
  23 orc wizards
  A killer bee zombie (D:5)
  2 hound zombies (D:5)
  2 hound skeletons (D:5)
  2 howler monkey zombies (D:5)
  13 adders
  6 gnolls
  A shadow imp (D:7)
  3 white imps
  A worm (D:4)
  6 dart slugs
  89 orcs
  4 ball pythons
  6 bats
  8 endoplasms
  2 giant cockroaches
  5 goblins
  8 hobgoblins
  22 jackals
  11 kobolds
  2 quokkas (D:1)
  4 frilled lizards
  A rat (D:3)
441 creatures vanquished.

Vanquished Creatures (others)
  An orc wizard (Orc:2)
1 creature vanquished.

Grand Total: 442 creatures vanquished

Notes
Turn   | Place    | Note
-------+----------+-------------------------------------------
     0 | D:1      | DildoBatman the Formicid Conjurer began the quest for the
                  | Orb.
     0 | D:1      | Reached XP level 1. HP: 13/13 MP: 3/3
    86 | D:1      | Found a faded altar of an unknown god.
   185 | D:1      | Reached XP level 2. HP: 20/20 MP: 0/5
   189 | D:1      | Learned a level 2 spell: Searing Ray
   351 | D:1      | Reached skill level 1 in Armour
   360 | D:1      | Reached XP level 3. HP: 17/25 MP: 2/6
   453 | D:1      | Reached skill level 1 in Fighting
   550 | D:1      | Reached XP level 4. HP: 32/32 MP: 3/7
   880 | D:2      | Found a shimmering blue altar of Sif Muna.
  1361 | D:3      | Reached XP level 5. HP: 35/38 MP: 9/9
  1668 | D:3      | Found an opulent altar of Gozag.
  1800 | D:3      | Found a glowing silver altar of Zin.
  1952 | D:3      | Found Til Han's Weapon Shoppe.
  2268 | D:4      | Found a staircase to the Ecumenical Temple.
  2293 | Temple   | Entered the Ecumenical Temple
  2429 | Temple   | Became a worshipper of Kikubaaqudgha
  2485 | D:4      | Reached XP level 6. HP: 38/44 MP: 4/10
  2651 | D:4      | Noticed an ogre
  2747 | D:4      | Found a shimmering altar of Xom.
  2748 | D:4      | Noticed a black bear
  2864 | D:4      | Killed a black bear
  2909 | D:4      | Identified the +2 pair of boots "Xoimulit" {rC- rN++ Int+3
                  | Dex+3}
  3001 | D:4      | Reached XP level 7. HP: 42/51 MP: 12/12
  3429 | D:4      | Reached * piety under Kikubaaqudgha
  3429 | D:4      | Received a gift from Kikubaaqudgha
  3430 | D:4      | Reached skill level 1 in Shields
  3434 | D:4      | Learned a level 3 spell: Vampiric Draining
  3638 | D:5      | Entered Level 5 of the Dungeon
  3676 | D:5      | Reached XP level 8. HP: 39/59 MP: 6/14
  3688 | D:5      | Reached skill level 5 in Conjurations
  4078 | D:5      | Reached ** piety under Kikubaaqudgha
  4154 | D:5      | Noticed a +0 short sword
  4154 | D:5      | Noticed a +0 dagger
  4154 | D:5      | Noticed a +0 falchion
  4267 | D:5      | Noticed a +0 falchion
  4267 | D:5      | Noticed a +0 spear
  4270 | D:5      | Noticed a +0 short sword
  4270 | D:5      | Noticed a +0 spear
  4271 | D:5      | Noticed a +0 dagger
  4307 | D:5      | Found a hide-covered altar of Uskayaw.
  4362 | D:5      | Reached skill level 5 in Spellcasting
  4416 | D:5      | Learned a level 4 spell: Dispel Undead
  4573 | D:6      | Reached skill level 5 in Fighting
  4573 | D:6      | Reached skill level 5 in Armour
  4573 | D:6      | Reached skill level 1 in Necromancy
  4573 | D:6      | Reached XP level 9. HP: 67/68 MP: 13/16
  4599 | D:6      | Found a sparkling altar of Nemelex Xobeh.
  5235 | D:7      | Found Sicob's General Store.
  5311 | D:7      | Noticed a green ugly thing
  5345 | D:8      | Found a bloodstained altar of Trog.
  5393 | D:8      | Noticed a hornet
  5395 | D:8      | Noticed a centaur warrior
  5402 | D:8      | Killed a hornet
  5403 | D:8      | Reached skill level 5 in Necromancy
  5405 | D:8      | Noticed a centaur warrior
  5409 | D:8      | You are sucked into a shaft and drop 2 floors!
  5409 | D:10     | Entered Level 10 of the Dungeon
  5501 | D:10     | Reached XP level 10. HP: 71/74 MP: 12/20
  5558 | D:10     | Found a broken altar of Ashenzari.
  5626 | D:10     | Noticed a two-headed ogre
  5659 | D:10     | Killed a two-headed ogre
  5819 | D:10     | Found a snail-covered altar of Cheibriados.
  5979 | D:10     | Reached *** piety under Kikubaaqudgha
  5979 | D:10     | Received a gift from Kikubaaqudgha
  5986 | D:10     | Learned a level 5 spell: Borgnjor's Vile Clutch
  6105 | D:10     | Noticed a two-headed ogre
  6122 | D:10     | Killed a two-headed ogre
  6792 | D:9      | Reached skill level 5 in Earth Magic
  6970 | D:9      | Reached XP level 11. HP: 76/79 MP: 21/21
  7040 | D:9      | Found Jiklir's Armour Boutique.
  7151 | D:9      | Noticed Psyche
  7194 | D:9      | Killed Psyche
  7466 | D:8      | HP: 2/79 [centaur warrior/arrow (29)]
  7470 | D:8      | You fall into a shaft and drop 1 floor!
  7561 | D:8      | Killed a centaur warrior
  7566 | D:8      | Killed a centaur warrior
  7675 | D:8      | Found a shadowy altar of Dithmenos.
  7677 | D:8      | Found a hazy altar of Hepliaklqana.
  7677 | D:8      | Found an iron altar of Okawaru.
  7773 | D:8      | Found a burning altar of Makhleb.
  8172 | D:8      | Found a radiant altar of Vehumet.
  8173 | D:8      | Found a sacrificial altar of Ru.
  8398 | D:8      | Reached skill level 10 in Earth Magic
  8615 | D:7      | Found a blossoming altar of Fedhas.
  8881 | D:7      | Found Zanaloz's Magic Scroll Shoppe.
  8888 | D:7      | Bought a scroll of enchant armour for 97 gold pieces
  8891 | D:7      | Bought a scroll of enchant armour for 97 gold pieces
  8910 | D:7      | Killed a green ugly thing
  8911 | D:7      | Reached skill level 10 in Necromancy
  9220 | D:11     | Reached **** piety under Kikubaaqudgha
  9316 | D:11     | Found a staircase to the Lair.
  9418 | D:11     | Reached XP level 12. HP: 76/86 MP: 7/22
  9419 | D:11     | Found a glowing golden altar of the Shining One.
  9448 | D:11     | Noticed a two-headed ogre
  9463 | D:11     | Killed a two-headed ogre
  9499 | D:11     | Found a staircase to the Orcish Mines.
  9772 | D:11     | Noticed a two-headed ogre
  9777 | D:11     | Killed a two-headed ogre
 10145 | Orc:1    | Entered Level 1 of the Orcish Mines
 10427 | Orc:2    | Entered Level 2 of the Orcish Mines
 10427 | Orc:2    | Noticed Azrael
 10682 | Orc:2    | Found a staircase to the Elven Halls.
 10723 | Orc:2    | Noticed an orc warlord
 10773 | Orc:1    | Noticed Urug
 10773 | Orc:1    | Noticed Sonja
 10820 | Orc:2    | Killed Azrael
 11032 | Orc:2    | Reached ***** piety under Kikubaaqudgha
 11051 | Orc:2    | Found Roreat Aklo's Book Boutique.
 11207 | Orc:2    | Reached skill level 10 in Spellcasting
 11207 | Orc:2    | Reached XP level 13. HP: 67/91 MP: 3/27
 11388 | Orc:2    | Killed an orc warlord
 11502 | Orc:2    | Found Zochizot's General Store.
 11735 | Orc:2    | Noticed an orc warlord
 11802 | Orc:2    | Killed an orc warlord
 11822 | Orc:2    | Found Caos's Antique Armour Emporium.
 11826 | Orc:2    | Found Tomouz's Antique Weapon Shoppe.
 12097 | Orc:1    | Killed Urug
 12109 | Orc:1    | Killed Sonja
 12525 | D:5      | You fall into a shaft and drop 1 floor!
 12528 | D:6      | You fall into a shaft and drop 3 floors!
 12607 | D:12     | Reached ****** piety under Kikubaaqudgha
 12611 | D:12     | Received a gift from Kikubaaqudgha
 12613 | D:12     | Fell from the grace of Kikubaaqudgha
 12812 | D:3      | Became a worshipper of Gozag Ym Sagoz the Greedy
 12881 | D:1      | You fall into a shaft and drop 1 floor!
 12884 | D:2      | You fall into a shaft and drop 2 floors!
 12887 | D:4      | You fall into a shaft and drop 1 floor!
 13059 | Lair:1   | Entered Level 1 of the Lair of Beasts
 13321 | Lair:1   | Slain by a cane toad

Illustrated notes

Levels and vault maps discovered:
D:1:      reono_arrival_mine, layout_basic, hellmonk_ecumenical_altar_dog_temple
D:2:      layout_basic, basic_altar, minivault_19
D:3:      layout_loops_ring, pdpol_temple_overflow_zin_treasury_gozag_greed,
          serial_shops, nicolae_shop_hallway_plus
D:4:      mumra_celtic_spiral_tile, layout_basic, lemuel_crystal_altar,
          temple_doors_e, kennysheep_decorative_pillar
D:5:      layout_rooms, nicolae_uskayaw_en_pointe, serial_undead,
          serial_undead_a, serial_undead_e, serial_undead_a, serial_undead_d,
          serial_undead_a, serial_undead_a
D:6:      layout_rooms, nemelex_spade_bored_becter, serial_rivers,
          chequers_serial_rivers_micro_c, chequers_serial_rivers_micro_b,
          chequers_serial_rivers_micro_a, chequers_serial_rivers_room_a,
          chequers_serial_rivers_micro_b, chequers_serial_rivers_micro_d,
          minmay_crystal_water
D:7:      layout_rooms, amcnicky_altar_gilded, serial_shops, shop,
          nicolae_shop_tiny_glass, minmay_manual_mandibuliform
D:8:      layout_loops_corners, lightli_temple_of_fire, minitemple,
          bloody_makhleb, grunt_temple_overflow_open, hangedman_decor_opposing,
          minmay_pinched_square
D:9:      layout_rooms, serial_shops, shop, uniq_psyche
D:10:     layout_grid_maze, mainiacjoe_overflow_paths,
          nicolae_ashenzari_skybound, minmay_misc_feat_x
D:11:     layout_loops_corners, erik_lair_orcish_takeover, tso_oasis_becter
D:12:     layout_loops_ring, fedhas_ov_isle_minmay
Temple:   nicolae_temple_superstar
Lair:1:   layout_loops_ring, lemuel_fruit_fields
Orc:1:    layout_caves, uniq_urug, uniq_sonja
Orc:2:    grunt_orc_community_town_hall, layout_caves,
          grunt_orc_community_big_house_1, grunt_orc_community_big_house_1,
          grunt_orc_community_house_1, grunt_orc_community_house_2,
          grunt_orc_community_house_2, grunt_orc_community_house_3,
          grunt_orc_community_house_1, uniq_azrael

Skill      XL: |  1  2  3  4  5  6  7  8  9 10 11 12 13 |
---------------+----------------------------------------+-----
Dodging        | 2 3 4 |  4.0
Armour         | 1 2 3 5 6 |  6.0
Fighting       | 1 2 3 5 |  5.9
Stealth        | 3 |  3.0
Conjurations   | 4 5 6 |  6.0
Spellcasting   | 3 4 5 7 10 11 | 11.2
Shields        | 2 3 4 |  4.9
Necromancy     | 1 6 9 10 12 | 12.7
Earth Magic    | 6 11 12 | 12.9

Action                     |  1- 3 |  4- 6 |  7- 9 | 10-12 | 13-15 || total
---------------------------+-------+-------+-------+-------+-------++-------
  Melee: Unarmed           |     7 |       |       |     3 |       ||    10
         Spear             |    55 |    88 |       |       |       ||   143
         Punch             |       |     1 |     1 |       |       ||     2
         Mace              |       |    31 |   153 |    54 |       ||   238
         Scimitar          |       |       |       |   290 |   163 ||   453
   Fire: Shortbow          |       |       |     2 |     1 |       ||     3
         Sling             |       |       |     1 |       |       ||     1
         Longbow           |       |       |       |       |     5 ||     5
   Cast: Magic Dart        |    19 |     4 |    18 |       |       ||    41
         Searing Ray       |     5 |    12 |    33 |    14 |       ||    64
         Vampiric Draining |       |       |       |    21 |     1 ||    22
         Borgnjor's Vile C |       |       |       |    65 |    45 ||   110
         Dispel Undead     |       |       |       |     2 |       ||     2
 Invoke: Receive Forbidden |       |       |       |       |     1 ||     1
         Renounce Religion |       |       |       |       |     1 ||     1
Ability: Dig               |       |     6 |       |     8 |     3 ||    17
         Shaft Self        |       |       |     1 |     1 |     5 ||     7
  Evoke: Wand              |       |       |       |     2 |       ||     2
    Use: Scroll            |       |     3 |     2 |    10 |       ||    15
   Stab: Sleeping          |       |    12 |     3 |     4 |       ||    19
         Distracted        |       |       |       |     1 |       ||     1
 Armour: Robe              |    16 |    34 |    83 |       |       ||   133
         Steam dragon scal |       |       |    34 |     7 |       ||    41
         Troll leather arm |       |       |       |   239 |    87 ||   326
  Dodge: Dodged            |    52 |    92 |   197 |   353 |   116 ||   810
  Block: Buckler           |       |       |    94 |   210 |    91 ||   395
